 Dungeon Crawl Stone Soup version 0.27.1-16-g815e20cd7a (webtiles) character file.

Game seed: 6838696195252731432

28 riftmaster1123 the Gusty (level 2, -2/20 HPs)
             Began as a Draconian Air Elementalist on Nov 21, 2021.
             Slain by an orc (4 damage)
             ... on level 3 of the Dungeon.
             The game lasted 00:15:17 (1401 turns).

riftmaster1123 the Gusty (DrAE)                     Turns: 1401, Time: 00:15:17

Health: -2/20      AC:  4    Str: 10    XL:     2   Next: 96%
Magic:  0/5        EV: 12    Int: 15    God:
Gold:   85         SH:  0    Dex: 11    Spells: 2/5 levels left

rFire    + . .     SeeInvis .   h - +0 hand axe
rCold    . . .     Faith    .   (no shield)
rNeg     . . .     Spirit   .   (armour unavailable)
rPois    .         Reflect  .   (helmet restricted)
rElec    .         Harm     .   (no cloak)
rCorr    .         Rampage  .   (no gloves)
Will     .....                  (no boots)
Stlth    ++........             (no amulet)
HPRegen  0.06/turn              d - ring of protection from fire
MPRegen  0.09/turn              (no ring)

@: no status effects
A: AC +4, unfitting armour, cold-blooded
a: no special abilities


You were on level 3 of the Dungeon.
You visited 1 branch of the dungeon, and saw 3 of its levels.

You collected 85 gold pieces.

Inventory:

Hand Weapons
 g - a +0 hunting sling
 h - a +0 hand axe (weapon)
Missiles
 a - 18 arrows
 b - 22 sling bullets
 c - 36 stones (quivered)
Magical Staves
 e - a staff of poison
Jewellery
 d - a ring of protection from fire (left hand)


   Skills:
 + Level 0.2 Short Blades
 * Level 1.9 Dodging
 + Level 1.7 Stealth
 + Level 2.4 Spellcasting
 * Level 1.3 Conjurations
 + Level 3.5 Air Magic


You had 2 spell levels left.
You knew the following spells:

 Your Spells              Type           Power      Damage    Failure   Level
a - Shock                 Conj/Air       36%        1d5       8%          1
b - Static Discharge      Conj/Air       9%         N/A       12%         2

Your spell library contained the following spells:

 Spells                   Type           Power      Damage    Failure   Level
 Apportation              Tloc           2%         N/A       22%         1
 Sublimation of Blood     Necr           0%         N/A       32%         2
 Wereblood                Tmut           1%         N/A       32%         2
 Swiftness                Air            12%        N/A       16%         3
 Airstrike                Air            6%         N/A       45%         4
 Alistair's Intoxication  Tmut/Pois      0%         N/A       99%         5
 Invisibility             Hex            0%         N/A       100%        6
 Summon Hydra             Summ           0%         N/A       100%        7


Dungeon Overview and Level Annotations

Branches:
Dungeon (3/15)

Altars:


Innate Abilities, Weirdness & Mutations

Your plain brown scales are hard. (AC +4)
You cannot fit into any form of body armour.
You are cold-blooded and may be slowed by cold attacks.


Message History

You miscast Shock.
You are very lightly contaminated with residual magic.
Nothing appears to happen.
It was a potion of curing.
You feel better. The gnoll hits you but does no damage.
The gnoll hits you from afar with a +0 halberd.
The gnoll barely misses you.
Found a scroll labelled HEETRI YCHIUHO.
Your magical contamination has completely faded away.
The orc hits you with a +0 club.
You hit the orc.
The orc is lightly wounded.
The orc hits you but does no damage.
Casting: Shock (safe; 8% risk of failure)
Confirm with . or Enter, or press ? or * to list all spells.
Aiming: Shock (safe; 8% risk of failure)
Press: ? - help, Shift-Dir - straight line, f/p - gnoll
Aim: a gnoll, wielding a +0 club (72% to hit)
The zap hits the orc.
The orc is severely wounded.
The zap hits the gnoll.
The gnoll is severely wounded.
The zap hits the gnoll but does no damage.
The gnoll is almost dead.
The zap hits the gnoll.
The gnoll is lightly wounded.
The orc barely misses you.
You barely miss the orc.
Your tail-slap misses the orc.
The orc is severely wounded.
The orc hits you but does no damage. The orc misses you.
Found 5 gold pieces.
The gnoll hits you from afar with a +0 halberd!
The orc misses you.
You barely miss the orc.
The orc is severely wounded.
The gnoll misses you. The orc hits you with a +0 club.
* * * LOW HITPOINT WARNING * * *
The gnoll closely misses you. The orc hits you with a +0 club.
You die...

>.......###.#.#.......#
.g......'............>.
........###.#.#.....#'#
........# #...#g####...
#.......# #####g# .
###############g#
#.....#g####...
+.....o....'...
#....@#.####...
#.....#.# #.....#.#
#....$#.# .?.#####..
.... ### ... ..


You could see 2 gnolls and an orc.

Vanquished Creatures
  A worm (D:2)
  An endoplasm (D:1)
  A giant cockroach (D:1)
  A goblin (D:1)
  3 hobgoblins (D:1)
  4 jackals
  A ball python (D:1)
  2 bats (D:2)
  3 frilled lizards (D:1)
  3 kobolds
  5 rats (D:1)
25 creatures vanquished.

Vanquished Creatures (others)
  5 plants (D:1)
5 creatures vanquished.

Grand Total: 30 creatures vanquished

Notes
Turn   | Place    | Note
-------+----------+-------------------------------------------
     0 | D:1      | riftmaster1123 the Draconian Air Elementalist began the
                  | quest for the Orb.
     0 | D:1      | Reached XP level 1. HP: 14/14 MP: 3/3
    86 | D:1      | Reached XP level 2. HP: 20/20 MP: 5/5
   868 | D:2      | Learned a level 2 spell: Static Discharge
  1401 | D:3      | Slain by an orc

Illustrated notes

Levels and vault maps discovered:
D:1:      roderic_crop_circles_arrival_small, layout_basic,
          minmay_misc_feat_enclosed
D:2:      layout_rooms
D:3:      layout_basic, jmf_multi_god_temple2

Action                   || total
-------------------------++-------
Melee: Short sword       ||    42
       Tailslap          ||     5
       Unarmed           ||     3
       Mace              ||    12
       Hand axe          ||     3
 Cast: Shock             ||    21
       Static Discharge  ||     1
  Use: Scroll            ||     3
       Potion            ||     3
Armor: Skin              ||    30
Dodge: Dodged            ||    53
